 Dungeon Crawl Stone Soup version 0.30.1-9-gdf580d7c3d (webtiles) character file.

Game seed: 2995010642779728234

1380 Ninjinzu the Cudgeller (level 8, -2/90 HPs)
             Began as a Demonspawn Gladiator on Oct 2, 2023.
             Slain by a steelbarb worm (glowing shapeshifter) (5 damage)
             ... on level 5 of the Dungeon.
             The game lasted 00:13:25 (4100 turns).

Ninjinzu the Cudgeller (Demonspawn Gladiator)       Turns: 4100, Time: 00:13:26

Health: -2/90      AC: 28    Str: 16    XL:     8   Next: 39%
Magic:  8/8        EV:  2    Int: 10    God:
Gold:   113        SH:  0    Dex: 19    Spells: 7/7 levels left

rFire   . . .        u - +0 flail of Zulewn {chaos, Dex+4}
rCold   . . .        (no shield)
rNeg    . . .        y - melded +0 scale mail
rPois   +            c - melded +0 helmet
rElec   .            (cloak currently unavailable)
rCorr   .            (gloves currently unavailable)
SInv    .            (boots unavailable)
Will    .....        j - amulet of the acrobat
Stlth   ++           d - +4 ring of protection
HPRegen 0.35/turn    (no ring)
MPRegen 0.11/turn

%: acrobat
@: brilliant, tree-form
A: stationary, stasis, torment immunity, boosted hp, (hooves 3), (spiny 1),
(sanguine armour 2)
a: no special abilities


You were on level 5 of the Dungeon.
You were a tree.
You visited 1 branch of the dungeon, and saw 5 of its levels.

You collected 113 gold pieces.

Inventory:

Hand Weapons
 a - a +0 war axe
 l - the +7 dagger "Giant's Toothpick" {freeze, rElec rPois rF- Dex+2}
   (You found it on level 4 of the Dungeon)

   Dex:       It affects your dexterity (+2).
   rF:        It makes you vulnerable to fire.
   rElec:     It insulates you from electricity.
   rPois:     It protects you from poison.
 u - the +0 flail of Zulewn (weapon) {chaos, Dex+4}
   (You found it on level 2 of the Dungeon)

   Dex:       It affects your dexterity (+4).
 A - a +4 dire flail of protection
 C - a +0 morningstar of draining
Missiles
 e - 5 javelins (quivered)
 B - a throwing net
Armour
 b - a +0 leather armour
 c - a +0 helmet (melded)
 y - a +0 scale mail (melded)
Jewellery
 d - a +4 ring of protection (left branch)
 j - an amulet of the acrobat (around neck)
Wands
 n - a wand of roots (11)
 w - a wand of flame (45)
Scrolls
 f - a scroll of enchant armour {unknown}
 g - 2 scrolls of poison {unknown}
 h - 2 scrolls of magic mapping {unknown}
 i - a scroll of vulnerability {unknown}
 k - 4 scrolls of teleportation {unknown}
 o - 6 scrolls of identify {unknown}
 p - a scroll of silence {unknown}
 q - 3 scrolls of fog {unknown}
 r - a scroll of enchant weapon {unknown}
Potions
 s - 2 potions of lignification
 v - a potion of degeneration {unknown}
 x - a potion of heal wounds {unknown}
 z - a potion of invisibility {unknown}
 D - a potion of attraction {unknown}


   Skills:
 + Level 3.8 Fighting
 + Level 3.9(5.1) Axes
 + Level 4.9(5.6) Maces & Flails
 + Level 2.6 Throwing
 + Level 4.6 Armour
 + Level 4.3 Dodging
 + Level 2.1 Stealth


You had 7 spell levels left.
You didn't know any spells.
Your spell library contained the following spells:

 Spells                   Type           Power      Damage    Failure   Level
 Beastly Appendage        Tmut           0%         N/A       36%         1
 Slow                     Hex            0%         N/A       36%         1
 Wereblood                Tmut           0%         N/A       50%         2
 Confusing Touch          Hex            0%         N/A       75%         3
 Spider Form              Tmut/Pois      0%         N/A       75%         3
 Stone Arrow              Conj/Erth      0%         3d7       75%         3
 Vampiric Draining        Necr           0%         2d6       75%         3
 Animate Armour           Summ/Erth      0%         N/A       98%         4
 Lehudib's Crystal Spear  Conj/Erth      0%         10d2      100%        8


Dungeon Overview and Level Annotations

Branches:
Dungeon (5/15)
 Temple: D:4-7

Altars:
Dithmenos


Innate Abilities, Weirdness & Mutations

You are a tree.
Your roots penetrate the ground, keeping you stationary.
You cannot be teleported.
You are immune to unholy pain and torment.
Your maximum health is greatly increased.
Your equipment is partially melded.
((You have hooves in place of feet.))
((You are partially covered in sharp spines.))
((When seriously injured, your blood forms thick armour. (AC +0)))


Message History

Your roots penetrate the ground.
Your blood armour dries and flakes away.
The faun hits you but does no damage.
You carefully extract the barbed spikes from your body.
The faun hits you but does no damage.
You barely miss the faun.
The faun is lightly wounded.
The faun changes into a sea snake!
You hit the sea snake. You burn the sea snake.
The sea snake is lightly wounded.
The sea snake changes into a swamp dragon!
You hit the swamp dragon. You burn the swamp dragon.
The swamp dragon is lightly wounded.
The swamp dragon changes into an orb spider!
You hit the orb spider. You freeze the orb spider.
The orb spider is lightly wounded.
You cannot move.
Unknown command.
The orb spider changes into a cyclops!
The cyclops changes into a mana viper!
The mana viper changes into a shock serpent!
The shock serpent bites you but does no damage. x2
The shock serpent bites you but does no damage.
The shock serpent shoots out a bolt of lightning at you!
The bolt of electricity misses you. The bolt of electricity hits you!!
The bolt of electricity hits the shock serpent.
The shock serpent completely resists.
The shock serpent shoots out a bolt of lightning at you!
The bolt of electricity hits you!
* * * LOW HITPOINT WARNING * * *
The bolt of electricity hits you!!
* * * LOW HITPOINT WARNING * * *
The bolt of electricity hits the shock serpent.
The shock serpent completely resists.
It was a potion of flight.
Your roots keep you in place.
The shock serpent changes into a steelbarb worm!
It was a potion of brilliance.
You feel clever all of a sudden. The steelbarb worm hits you.
You die...

.# .# ######+ ..
+..... .. #..... #...
.. #.... #... ..
#...###+########... ..
#...#.......(...... ..
#.w.#..............
+.♣.'..............
#...#..............
######.......†......
#..........###'##...
#.....######....#...
#.....#.........#...
#+#.....#.........#...
........#...#######..†
........##+##.........


You could see a steelbarb worm shaped shifter.

Vanquished Creatures
  Grinder (D:4)
  Sigmund (D:4)
  Edmund (D:4)
  An ice beast (D:5)
  An ogre (D:4)
  The ghost of mkat the Sneak, an amateur OpFE of Nemelex Xobeh (D:4)
  Blork the orc (D:4)
  4 scorpions
  3 hounds
  A sleepcap (D:4)
  Ijyb (D:3)
  2 iguanas
  An orc wizard (D:4)
  8 adders
  A shadow imp (D:5)
  An ufetubus (D:4)
  A worm (D:2)
  6 orcs
  8 bats
  7 endoplasms
  2 giant cockroaches
  8 goblins
  6 hobgoblins
  4 jackals
  5 quokkas
  6 ball pythons
  4 frilled lizards
  6 kobolds
  3 rats
95 creatures vanquished.

Notes
Turn   | Place    | Note
-------+----------+-------------------------------------------
     0 | D:1      | Ninjinzu the Demonspawn Gladiator began the quest for the
                  | Orb.
     0 | D:1      | Reached XP level 1. HP: 16/16 MP: 1/1
   229 | D:1      | Gained mutation: You are partially covered in sharp spines.
                  | [demonic ancestry]
   229 | D:1      | Reached XP level 2. HP: 22/22 MP: 2/2
   853 | D:2      | Gained mutation: You have large cloven feet. [demonic
                  | ancestry]
   853 | D:2      | Reached XP level 3. HP: 25/27 MP: 3/3
   979 | D:2      | Reached skill level 1 in Armour
  1353 | D:2      | Gained mutation: You have hoof-like feet. [demonic
                  | ancestry]
  1353 | D:2      | Reached XP level 4. HP: 33/34 MP: 4/4
  1355 | D:2      | Identified the +0 flail of Zulewn {chaos, Dex+4}
  1728 | D:3      | Noticed Ijyb
  1737 | D:3      | Killed Ijyb
  2093 | D:3      | Gained mutation: When seriously injured, your blood forms
                  | armour. (AC +0) [demonic ancestry]
  2093 | D:3      | Reached XP level 5. HP: 39/39 MP: 5/5
  2748 | D:4      | Noticed Grinder
  2750 | D:4      | Paralysed by Grinder for 4 turns
  2755 | D:4      | Noticed Blork the orc
  2762 | D:4      | Paralysed by Grinder for 2 turns
  2771 | D:4      | Killed Blork the orc
  2772 | D:4      | Reached skill level 1 in Maces & Flails
  2772 | D:4      | Reached skill level 1 in Stealth
  2808 | D:4      | Paralysed by Grinder for 5 turns
  2811 | D:4      | HP: 1/39 [orc/+0 dagger (2)]
  2815 | D:4      | Killed Grinder
  2816 | D:4      | Gained mutation: When seriously injured, your blood forms
                  | thick armour. (AC +0) [demonic ancestry]
  2816 | D:4      | Reached XP level 6. HP: 2/46 MP: 6/6
  3014 | D:4      | Identified the +7 dagger "Giant's Toothpick" {freeze, rElec
                  | rPois rF- Dex+2}
  3059 | D:4      | Noticed Sigmund
  3084 | D:4      | Killed Sigmund
  3085 | D:4      | Gained mutation: You have hooves in place of feet. [demonic
                  | ancestry]
  3085 | D:4      | Reached XP level 7. HP: 41/51 MP: 7/7
  3191 | D:4      | Noticed Edmund
  3204 | D:4      | Killed Edmund
  3283 | D:4      | Found a runed translucent door.
  3724 | D:4      | Noticed mkat's ghost (amateur OpFE)
  3733 | D:4      | Killed mkat's ghost
  3734 | D:4      | Reached XP level 8. HP: 58/58 MP: 8/8
  3755 | D:5      | Entered Level 5 of the Dungeon
  4020 | D:5      | Found a shadowy altar of Dithmenos.
  4071 | D:5      | an iguana changed into a glowing shapeshifter
  4071 | D:5      | Noticed a glowing shapeshifter (glowing shapeshifter)
  4071 | D:5      | a glowing shapeshifter changed into an anaconda
  4071 | D:5      | Noticed an anaconda (glowing shapeshifter)
  4073 | D:5      | an anaconda changed into a merfolk
  4073 | D:5      | Noticed a merfolk (glowing shapeshifter)
  4078 | D:5      | a merfolk changed into a steelbarb worm
  4078 | D:5      | Noticed a steelbarb worm (glowing shapeshifter)
  4081 | D:5      | a steelbarb worm changed into a faun
  4081 | D:5      | Noticed a faun (glowing shapeshifter)
  4084 | D:5      | a faun changed into a sea snake
  4084 | D:5      | Noticed a sea snake (glowing shapeshifter)
  4085 | D:5      | a sea snake changed into a swamp dragon
  4085 | D:5      | Noticed a swamp dragon (glowing shapeshifter)
  4086 | D:5      | a swamp dragon changed into an orb spider
  4086 | D:5      | Noticed an orb spider (glowing shapeshifter)
  4090 | D:5      | an orb spider changed into a cyclops
  4090 | D:5      | Noticed a cyclops (glowing shapeshifter)
  4092 | D:5      | a cyclops changed into a mana viper
  4092 | D:5      | Noticed a mana viper (glowing shapeshifter)
  4093 | D:5      | a mana viper changed into a shock serpent
  4093 | D:5      | Noticed a shock serpent (glowing shapeshifter)
  4098 | D:5      | HP: 2/90 [shock serpent (glowing shapeshifter)/bolt of
                  | electricity (21)]
  4099 | D:5      | a shock serpent changed into a steelbarb worm
  4099 | D:5      | Noticed a steelbarb worm (glowing shapeshifter)
  4100 | D:5      | Slain by a steelbarb worm (glowing shapeshifter)

Illustrated notes

Levels and vault maps discovered:
D:1:      spicycebolla_arrival_ecumenical, layout_loops_ring,
          chequers_serial_rivers_large_a
D:2:      layout_basic
D:3:      layout_basic, serial_aquarium, aquarium_bridge_long_joined
          [aquarium_subvault_window, aquarium_subvault_bridge,
          aquarium_subvault_balcony, aquarium_subvault_bridge,
          aquarium_subvault_wall, aquarium_subvault_balcony],
          aquarium_bridge_straight [aquarium_subvault_bridge,
          aquarium_subvault_balcony, aquarium_subvault_bridge,
          aquarium_subvault_wall], aquarium_window_fake, aquarium_window_fake,
          aquarium_view_2f, aquarium_view_4, aquarium_balcony_3a,
          aquarium_pool_side, minmay_quadrilaterals, uniq_ijyb
D:4:      minmay_door_path, layout_cave_pools, ebering_ghost_reflecting_pool,
          uniq_blork_the_orc, uniq_edmund, uniq_grinder, uniq_sigmund
D:5:      layout_gridville, mainiacjoe_overflow_catwalk,
          mainiacjoe_overflow_24_doors, nicolae_fountain_basement

Skill      XL: |  1  2  3  4  5  6  7 |
---------------+----------------------+-----
Axes           | 3 |  3.9
Dodging        | 3 4 |  4.3
Armour         | 1 3 4 |  4.6
Maces & Flails | 2 3 4 |  4.9
Stealth        | 1 2 |  2.1
Throwing       | 2 |  2.6
Fighting       | 3 |  3.8

Action                     |  1- 3 |  4- 6 |  7- 9 || total
---------------------------+-------+-------+-------++-------
  Melee: War axe           |    74 |       |       ||    74
         Kick              |     5 |    20 |    27 ||    52
         Flail             |       |    73 |    81 ||   154
         Punch             |       |     1 |       ||     1
  Throw: Throwing net      |     1 |     2 |       ||     3
         Javelin           |       |     6 |       ||     6
    Use: Potion            |       |     3 |     3 ||     6
   Stab: Held in net/web   |       |     1 |       ||     1
 Armour: Leather armour    |    20 |     6 |       ||    26
         Scale mail        |       |    27 |    34 ||    61
         Skin              |       |       |     5 ||     5
  Dodge: Dodged            |    46 |    57 |    59 ||   162
